 Dungeon Crawl Stone Soup version 0.27-a0-1202-ge72e49191c (webtiles) character file.

Game seed: 12706184839296513189

536 ArcanElement the Covered (level 7, -2/54 HPs)
             Began as a Human Fighter on June 4, 2021.
             Slain by a killer bee (5 damage)
             ... on level 5 of the Dungeon.
             The game lasted 00:07:59 (5824 turns).

ArcanElement the Covered (Human Fighter)            Turns: 5824, Time: 00:07:59

Health: -2/54      AC:  6    Str: 16    XL:     7   Next: 50%
Magic:  9/9        EV:  8    Int:  8    God:
Gold:   143        SH: 10    Dex: 15    Spells: 6/6 levels left

rFire    . . .     SeeInvis .   a - +1 long sword
rCold    . . .     Faith    .   c - +1 kite shield
rNeg     . . .     Spirit   .   e - +0 ring mail
rPois    .         Reflect  .   (no helmet)
rElec    .         Harm     .   (no cloak)
rCorr    .         Rampage  .   (no gloves)
Will     .....                  (no boots)
Stlth    +.........             (no amulet)
HPRegen  0.18/turn              (no ring)
MPRegen  0.11/turn              (no ring)

@: no status effects
A: no striking features
a: no special abilities


You were on level 5 of the Dungeon.
You visited 1 branch of the dungeon, and saw 5 of its levels.

You collected 143 gold pieces.

Inventory:

Hand Weapons
 a - a +1 long sword (weapon)
Missiles
 j - 2 boomerangs (quivered)
Armour
 b - a +0 scale mail
 c - a +1 kite shield (worn)
 d - a +0 chain mail
 e - a +0 ring mail (worn)
Wands
 n - a wand of charming (8)
Scrolls
 f - a scroll of magic mapping
 h - a scroll of brand weapon
 k - a scroll of teleportation
 l - 2 scrolls of enchant armour
Potions
 g - a potion of cancellation {unknown}


   Skills:
 + Level 4.0 Fighting
 + Level 4.2 Long Blades
 + Level 0.9 Throwing
 + Level 4.5 Armour
 + Level 1.2 Dodging
 + Level 4.0 Shields
 * Level 3.2 Invocations


You had 6 spell levels left.
You didn't know any spells.
Your spell library was empty.

Dungeon Overview and Level Annotations

Branches:
Dungeon (5/15)
 Temple: D:4-7

Altars:
Cheibriados
Ru
Uskayaw
Vehumet
Xom

Shops:
D:4 *

Annotations:
D:2 Sigmund


Message History

The gnoll barely misses you.
You riposte.
You hit the gnoll.
The gnoll is lightly wounded.
You completely miss the gnoll.
The gnoll is lightly wounded.
The gnoll closely misses you. The gnoll barely misses you.
The gnoll sergeant barely misses you.
You hit the gnoll.
The gnoll is moderately wounded.
The gnoll completely misses you. x2
The gnoll sergeant hits you from afar with a +0 spear!
You block the gnoll's attack.
You hit the gnoll.
The gnoll is heavily wounded.
The gnoll hits you with a +0 whip!
The gnoll sergeant hits you from afar with a +0 spear.
* * * LOW HITPOINT WARNING * * *
The gnoll hits you but does no damage. The gnoll hits you with a +0 whip.
* * * LOW HITPOINT WARNING * * *
The gnoll sergeant hits you but does no damage.
A killer bee comes into view.
The killer bee buzzes angrily.
A killer bee comes into view. x2
The killer bee moves out of view.
As you read the scroll labelled FIHIAR HACLAKK, it crumbles to dust.
It is a scroll of enchant weapon.
Your +0 long sword glows red for a moment.
The killer bee buzzes angrily.
You hear an angry buzzing noise.
A killer bee comes into view.
The killer bee stings you.
* * * LOW HITPOINT WARNING * * *
As you read the scroll labelled INITIUC GIANAST, it crumbles to dust.
You hear a loud clanging noise!
It was a scroll of noise.
You hear an angry buzzing noise.
You hear a bark!
You hear a shout!
You hear a howl!
The killer bee stings you but does no damage.
The gnoll sergeant hits you from afar with a +0 spear!
* * * LOW HITPOINT WARNING * * *
You block the gnoll's attack. The killer bee stings you.
You die...

#.....<....#
#..(.......#
#..####....รท.....#
.....O.O.#.#######
########.g.# #g###
##g# ###..# #y@g##
#..$### ...$y##
.... ... .. .


You could see a gnoll sergeant, 2 killer bees and 3 gnolls.

Vanquished Creatures
  An ogre (D:4)
  A phantom (D:4)
  2 scorpions (D:4)
  A jelly (D:2)
  2 hounds
  An iguana (D:4)
  A hound skeleton (D:4)
  4 gnolls
  3 adders
  A worm (D:4)
  A dart slug (D:2)
  2 orcs
  5 ball pythons
  2 bats
  10 endoplasms
  7 goblins
  5 hobgoblins
  8 jackals
  4 kobolds
  A quokka (D:3)
  3 frilled lizards
  A rat (D:3)
66 creatures vanquished.

Vanquished Creatures (others)
  A dart slug (D:3)
  An orc (D:3)
  A quokka (D:3)
  A ball python (D:3)
  3 rats (D:3)
  A fungus (D:4)
8 creatures vanquished.

Grand Total: 74 creatures vanquished

Notes
Turn   | Place    | Note
-------+----------+-------------------------------------------
     0 | D:1      | ArcanElement the Human Fighter began the quest for the Orb.
     0 | D:1      | Reached XP level 1. HP: 18/18 MP: 1/1
   307 | D:1      | Reached XP level 2. HP: 20/24 MP: 2/2
  1264 | D:2      | Reached XP level 3. HP: 25/29 MP: 3/3
  1457 | D:2      | Reached skill level 1 in Invocations
  1457 | D:2      | Reached XP level 4. HP: 32/35 MP: 4/4
  1566 | D:2      | Noticed Sigmund
  1593 | D:2      | You fall into a shaft and drop 1 floor!
  2106 | D:3      | Found a shimmering altar of Xom.
  2195 | D:2      | Reached XP level 5. HP: 11/41 MP: 6/6
  3473 | D:4      | Found Acaipew's General Store.
  3597 | D:4      | Reached XP level 6. HP: 10/47 MP: 7/7
  4030 | D:4      | Found a radiant altar of Vehumet.
  4692 | D:4      | Found a sacrificial altar of Ru.
  4765 | D:4      | Found a hide-covered altar of Uskayaw.
  4883 | D:4      | Noticed an ogre
  4893 | D:5      | Entered Level 5 of the Dungeon
  4900 | D:5      | Reached XP level 7. HP: 47/53 MP: 9/9
  5222 | D:4      | Reached skill level 1 in Dodging
  5482 | D:4      | Found a snail-covered altar of Cheibriados.
  5824 | D:5      | Slain by a killer bee

Illustrated notes

Levels and vault maps discovered:
D:1:      lordsloth_arrival_two_stooges, layout_basic, minmay_pentomino_s2
D:2:      layout_basic, st_stairs_5, minmay_mini_jars, uniq_sigmund
D:3:      layout_rooms, xom_confusion_cloud, minmay_misc_feat_hallway,
          minmay_hedge_maze
D:4:      layout_basic, chei_slow_surprise, lemuel_tele_altar,
          nicolae_vehumet_radiance, nicolae_ru_the_path_less_chosen,
          serial_shops, shop
D:5:      layout_rooms, zin_scriptorium, minmay_temple_entry_tees

Skill      XL: |  1  2  3  4  5  6  7 |
---------------+----------------------+-----
Invocations    | 1 2 3 |  3.2
Long Blades    | 3 4 |  4.2
Armour         | 4 |  4.5
Dodging        | 1 |  1.2
Fighting       | 4 |  4.0
Shields        | 4 |  4.0
Throwing       | |  0.9

Action                   |  1- 3 |  4- 6 |  7- 9 || total
-------------------------+-------+-------+-------++-------
Melee: Long sword        |    65 |   174 |    48 ||   287
Throw: Boomerang         |       |     8 |     4 ||    12
       Throwing net      |       |     1 |       ||     1
Evoke: Wand              |       |     2 |       ||     2
  Use: Potion            |       |     8 |       ||     8
       Scroll            |       |     4 |     3 ||     7
Armor: Scale mail        |     2 |       |       ||     2
       Ring mail         |    21 |    78 |    17 ||   116
Dodge: Dodged            |    27 |    63 |    20 ||   110
Block: Kite shield       |    39 |   109 |    28 ||   176
       Rpst.: Long sword |     6 |    23 |     4 ||    33

Table legend: (Time is in decaauts)
 A = Elapsed time spent in this place.
 B = Non-inter-level travel time spent in this place.
 C = Inter-level travel time spent in this place.
 D = Time resting spent in this place.
 E = Time spent auto-exploring this place.
 F = Levels seen in this place.
 G = Mean time per level.
                   A        B        C        D        E       F      G
               +--------+--------+--------+--------+--------+-----+--------+
         Total |   5950 |   5738 |    212 |   2000 |   2851 |   5 | 1190.0 |
       Dungeon |   5950 |   5738 |    212 |   2000 |   2851 |   5 | 1190.0 |
               +--------+--------+--------+--------+--------+-----+--------+

Top non-repeatable levels by time:
     D:4: 2177 daAuts
     D:3: 1648 daAuts
     D:1: 1236 daAuts
     D:2: 801 daAuts
     D:5: 87 daAuts
